 Dungeon Crawl Stone Soup version 0.22-a0-259-gdd11e71 (webtiles) character file.

224 mhoghedin the Shield-Bearer (level 6, 0/43 HPs)
             Began as a Halfling Fighter on Mar 5, 2018.
             Slain by a jackal (2 damage)
             ... on level 3 of the Dungeon.
             The game lasted 00:03:04 (2622 turns).

mhoghedin the Shield-Bearer (Halfling Fighter)      Turns: 2622, Time: 00:03:04

Health: 0/43       AC:  5    Str: 19    XL:     6   Next: 20%
Magic:  6/6        EV:  9    Int:  6    God:
Gold:   168        SH: 10    Dex: 14    Spells: 5/5 levels left

rFire    + . .     SeeInvis .   a - +0 war axe
rCold    . . .     Gourm    .   c - +0 shield
rNeg     . . .     Faith    .   b - +0 scale mail
rPois    .         Spirit   .   (no helmet)
rElec    .         Reflect  .   (no cloak)
rCorr    .         Harm     .   j - +0 pair of gloves
MR       .....                  (no boots)
Stlth    ..........             (no amulet)
HPRegen  0.14/turn              i - ring of protection from fire {rF+, !d}
MPRegen  0.10/turn              r - -3 ring of protection (curse)

@: no status effects
A: small, mutation resistance 1
a: no special abilities


You were on level 3 of the Dungeon.
You were hungry.

You visited 1 branch of the dungeon, and saw 4 of its levels.

You collected 168 gold pieces.

Inventory:

Hand Weapons
 a - a +0 war axe (weapon)
 k - a +0 mace of holy wrath
   (You found it on level 1 of the Dungeon)
Armour
 b - a +0 scale mail (worn)
 c - a +0 shield (worn)
 j - a +0 pair of gloves (worn)
   (You found it on level 1 of the Dungeon)
Jewellery
 i - a ring of protection from fire (left hand) {rF+, !d}
   (You found it on level 1 of the Dungeon)
 r - a cursed -3 ring of protection (right hand)
   (You found it on level 2 of the Dungeon)
Wands
 d - a wand of paralysis (3)
   (You found it on level 4 of the Dungeon)
Scrolls
 g - 3 scrolls of remove curse
 l - a scroll of immolation {unknown}
 m - a scroll of noise {unknown}
 p - a scroll of random uselessness {unknown}
 q - a scroll of amnesia {unknown}
 s - a scroll of teleportation {unknown}
 t - a scroll of fear {unknown}
Potions
 e - 2 potions of curing {unknown}
 h - a potion of lignification {!q}
 n - a potion of degeneration {unknown}
 o - a potion of cancellation
Comestibles
 f - 4 rations


   Skills:
 + Level 3.7 Fighting
 + Level 3.3 Axes
 + Level 4.5 Armour
 + Level 0.0 Dodging
 + Level 4.5 Shields


You had 5 spell levels left.
You didn't know any spells.

Dungeon Overview and Level Annotations

Branches:
Dungeon (4/15)
 Temple: D:4-7

Altars:
Ashenzari

Annotations:
D:3 Ijyb, Robin


Innate Abilities, Weirdness & Mutations

You are small and have problems with some larger weapons.
You are somewhat resistant to further mutation.


Message History

You hit the adder. You block the adder's attack.
The adder bites you but does no damage.
You closely miss the adder. The adder bites you.
You take 1 damage, and have 42/43 hp.
You closely miss the adder. You block the adder's attack.
The adder bites you but does no damage.
You barely miss the adder. The adder bites you but does no damage.
The adder bites you.
You are poisoned.
The adder poisons you!
You take 1 damage, and have 41/43 hp.
You miss the adder.
You feel sick. The adder bites you but does no damage.
The adder closely misses you.
You take 1 damage, and have 40/43 hp.
You slash the adder!
You kill the adder!
You feel sick.
You take 1 damage, and have 39/43 hp.
No target in view!
No target in view!
You see here an adder corpse.
You feel sick.
You feel sick.
Found a stone staircase leading up.
You take 1 damage, and have 38/43 hp.
You feel sick.
There is a stone staircase leading up here.
You feel sick.
You feel sick.
You are no longer poisoned.
There is a stone staircase leading up here.
You are feeling hungry.
You see here an adder corpse.
You see here a leather armour.
A rat comes into view.
You regained 3 hp, and now have 42/43 hp.
The rat barely misses you.
You hit the rat.
You kill the rat!
No target in view!
Unknown command.
Unknown command.
Unknown command.
Unknown command.
Unknown command.
Unknown command.
You see here a rat corpse.
Found a stone staircase leading up.
Health restored: 43
There is a stone staircase leading up here.
Done exploring.
Unknown command.
Done exploring.
Done exploring.
(D) Dungeon
Where to? (Enter - D:2, ? - help)
There is a stone staircase leading down here.
You climb downwards.
Level annotation: Ijyb, Robin
Found 11 gold pieces.
Found a stone staircase leading up.
There is a stone staircase leading up here.
You now have 168 gold pieces (gained 11).
e - 2 inky potions (gained 1)
An orc comes into view. It is wielding a whip.
The orc shouts!
You block the orc's attack.
You hit the orc. The orc hits you with a whip.
You take 2 damage, and have 41/43 hp.
You hit the orc. The orc hits you with a whip.
You take 2 damage, and have 39/43 hp.
You hit the orc. The orc hits you with a whip. You block the orc's attack.
You take 1 damage, and have 38/43 hp.
You barely miss the orc. The orc hits you but does no damage.
You slash the orc!
You kill the orc!
No target in view!
No target in view!
No target in view!
No target in view!
Ijyb shouts!
Ijyb is too close now for your liking.
There are monsters nearby!
The jackal barks!
Ijyb zaps a wand.
The bolt of acid hits you!
Ouch! That really hurt!
You are splashed with acid!
The acid burns!
* * * LOW HITPOINT WARNING * * *
You take 37 damage, and have 2/43 hp.
MASSIVE DAMAGE!!
Aim: Ijyb, wearing a ring mail and carrying a wand of acid (5) (chance to defeat MR: 54%) Ijyb suddenly stops moving!
You hit the jackal but do no damage.
The jackal bites you but does no damage.
The jackal barely misses you.
You closely miss the jackal. You block the jackal's attack.
The jackal bites you.
* * * LOW HITPOINT WARNING * * *
You take 1 damage, and have 2/43 hp.
You miss the jackal. The jackal bites you.
You die...

##.#w# #<#.#
#.##..##..#.#.#.#. #.#g#
#.#.# #.#...##..........
#.#g. ....#
#.#...#....#.#.#.#
...... ....#
#..(..............
###!g# #.#.#
#....###....#.#.#. #g.#
.#.# #..g..............
#..#
#.#.###...###...#..#.#.#
#.##..h# #...#.#.....
#.##.@.# #.#.#.#####. #
#.#...## #...#.#####. #.
#.#...# #...#.......
##.###....##
#...#.......
##..#...##..#.#
...#..#####
......)......# #. ..
#..#...##.#.## ##
#..##.##....#
#<.##.##.#.##


You could see Ijyb (paralysed) and a jackal.

Vanquished Creatures
  A bullfrog skeleton (D:4)
  An orc wizard (D:3)
  A worker ant (D:4)
  3 gnolls (D:2)
  4 adders (D:2)
  2 worms
  2 dart slugs (D:1)
  A leopard gecko (D:1)
  5 orcs
  2 ball pythons
  6 bats
  A giant cockroach (D:1)
  11 goblins
  12 hobgoblins
  A jackal (D:3)
  3 frilled lizards
  2 kobolds
  5 rats
63 creatures vanquished.

Notes
Turn   | Place    | Note
-------+----------+-------------------------------------------
     0 | D:1      | mhoghedin the Halfling Fighter began the quest for the Orb.
     0 | D:1      | Reached XP level 1. HP: 15/15 MP: 1/1
    23 | D:1      | Reached XP level 2. HP: 17/20 MP: 2/2
   288 | D:1      | Found a shattered altar of Ashenzari.
   333 | D:1      | Reached XP level 3. HP: 23/25 MP: 3/3
   386 | D:1      | Reached skill level 3 in Fighting
   833 | D:2      | HP: 6/26 [adder (1)]
   836 | D:2      | Reached XP level 4. HP: 6/31 MP: 4/4
   838 | D:2      | HP: 6/31 [poisoned by an adder]
   846 | D:2      | HP: 4/31 [poisoned by an adder]
  1154 | D:2      | Reached skill level 4 in Shields
  1161 | D:2      | Reached skill level 4 in Armour
  1404 | D:2      | Reached XP level 5. HP: 36/36 MP: 5/5
  1445 | D:2      | You fall through a shaft for 2 floors!
  1452 | D:4      | Reached skill level 3 in Axes
  1574 | D:3      | HP: 9/36 [something (1)]
  1575 | D:3      | Reached XP level 6. HP: 11/43 MP: 6/6
  1870 | D:3      | Noticed Ijyb
  1875 | D:3      | Noticed Robin
  2618 | D:3      | HP: 2/43 [acid (14)]
  2622 | D:3      | Slain by a jackal

Vault maps used:
D:1:      dpeg_arrival_simpleton_c, minmay_misc_feat_four_crosses,
          nicolae_ashenzari_panopticon
D:3:      overflow_temple_1_default, hangedman_decor_points, hex_large,
          uniq_robin, uniq_ijyb
D:4:      first_ration

Skill      XL: |  1  2  3  4  5 |
---------------+----------------+-----
Fighting       | 3 |  3.7
Shields        | 4 |  4.5
Armour         | 4 |  4.5
Axes           | 3 |  3.3

Action                   |  1- 3 |  4- 6 || total
-------------------------+-------+-------++-------
Melee: War axe           |   107 |   112 ||   219
Evoke: Wand              |       |     1 ||     1
  Use: Scroll            |       |     3 ||     3
       Potion            |       |     1 ||     1
  Eat: Chunk             |       |     5 ||     5
Armor: Scale mail        |    47 |    47 ||    94
Dodge: Dodged            |    52 |    45 ||    97
Block: Shield            |    59 |    52 ||   111

Table legend:
 A = Spawn XP
 B = Non-spawn XP
 C = Spawn XP percentage of total XP
 D = Spawn monster count
 E = Non-spawn monster count
 F = Spawn count percentage of total count
 G = Total turns spent on level
                    A         B        C        D         E        F      G
               +---------+---------+-------+---------+---------+-------+---------
         Total |       0 |     321 |   0.0 |       0 |      63 |   0.0 |  2622
               +---------+---------+-------+---------+---------+-------+---------
           D:1 |       0 |      50 |   0.0 |       0 |      25 |   0.0 |   777
           D:2 |       0 |     124 |   0.0 |       0 |      22 |   0.0 |  1378
           D:3 |       0 |      72 |   0.0 |       0 |      14 |   0.0 |   400
           D:4 |       0 |      75 |   0.0 |       0 |       2 |   0.0 |    67
               +---------+---------+-------+---------+---------+-------+---------

Vault maps used:
D:1:      dpeg_arrival_simpleton_c, minmay_misc_feat_four_crosses,
          nicolae_ashenzari_panopticon
D:3:      overflow_temple_1_default, hangedman_decor_points, hex_large,
          uniq_robin, uniq_ijyb
D:4:      first_ration

Table legend:
 A = Turns spent in this place as a percentage of turns spent in the entire game.
 B = Non-inter-level travel turns spent in this place as a percentage of non-inter-level travel turns spent in the entire game.
 C = Inter-level travel turns spent in this place as a percentage of turns spent in this place.
 D = Turns resting spent in this place as a percentage of non-inter-level travel turns spent in this place.
 E = Turns spent auto-exploring this place as a percentage of non-inter-level travel turns spent in this place.
 F = Non-inter-level travel turns spent in this place divided by the number of levels of this place that you've seen.
                   A       B       C       D       E      F
               +-------+-------+-------+-------+-------+----------------------
         Total | 100.0 | 100.0 |   4.2 |  33.6 |  49.6 | 628.0
       Dungeon | 100.0 | 100.0 |   4.2 |  33.6 |  49.6 | 628.0
               +-------+-------+-------+-------+-------+----------------------

Table legend:
 A = Kills in this place as a percentage of kills in entire the game.
 B = Kills by you in this place as a percentage of kills by you in the entire game.
 C = Kills by friends in this place as a percentage of kills by friends in the entire game.
 D = Other kills in this place as a percentage of other kills in the entire game.
 E = Experience gained in this place as a percentage of experience gained in the entire game.
 F = Experience gained in this place divided by the number of levels of this place that you have seen.
                   A       B       C       D       E      F
               +-------+-------+-------+-------+-------+----------------------
         Total | 100.0 | 100.0 |   N/A |   N/A | 100.0 |  80.2
       Dungeon | 100.0 | 100.0 |   N/A |   N/A | 100.0 |  80.2
               +-------+-------+-------+-------+-------+----------------------
